 Dungeon Crawl Stone Soup version 0.31-a0-175-g9f7f995f2b (webtiles) character file.

Game seed: 6629878963623343075

102 qw the Chopper (level 4, -1/28 HPs)
             Began as a Gargoyle Fighter on June 16, 2023.
             Slain by a cerulean imp
             ... wielding a +2 spear
             ... summoned by Natasha
              (2 damage)
             ... on level 2 of the Dungeon.
             The game lasted 00:00:54 (1309 turns).

qw the Chopper (Gargoyle Fighter)                   Turns: 1309, Time: 00:00:55

Health: -1/28      AC: 10    Str: 22    XL:     4   Next: 78%
Magic:  4/4        EV:  9    Int:  8    God:
Gold:   57         SH:  4    Dex:  9    Spells: 3/3 levels left

rFire   . . .        Y - +0 war axe
rCold   . . .        c - +0 buckler
rNeg    + . .        b - +0 scale mail
rPois   inf          (no helmet)
rElec   +            (no cloak)
rCorr   .            (no gloves)
SInv    .            (no boots)
Will    .....        (no amulet) Stlth
                     (no ring)
HPRegen 0.24/turn    (no ring)
MPRegen 0.09/turn

%: no passive effects
@: slowed, very slow
A: sickness immunity, AC +3, negative energy resistance 1, electricity
resistance, torment resistance 1, petrification resistance
a: no special abilities


You were on level 2 of the Dungeon.
You visited 1 branch of the dungeon, and saw 2 of its levels.

You collected 57 gold pieces.


Innate Abilities, Weirdness & Mutations

You are immune to sickness and miasma.
Your stone body is resilient. (AC +3)
You are immune to poison.
You resist negative energy. (rN+)
You are resistant to electric shocks. (rElec)
You are resistant to unholy torment.
You are immune to petrification.


   Skills:
 - Level 3.2 Fighting
 + Level 4.4 Axes
 - Level 3.2 Armour
 - Level 3.2 Shields


You had 3 spell levels left.
You didn't know any spells.
Your spell library was empty.

Inventory:

Hand Weapons
 f - a +0 whip
 Y - a +0 war axe (weapon)
Armour
 b - a +0 scale mail (worn)
 c - a +0 buckler (worn)
Scrolls
 a - a scroll of enchant weapon {unknown}
Potions
 d - 2 potions of might
 e - a potion of cancellation {unknown}
 g - a potion of curing {unknown}
 h - a potion of mutation {unknown}
 i - a potion of ambrosia {unknown}

Dungeon Overview and Level Annotations

Branches:
Dungeon (2/15)

Altars:

Annotations:
D:2 exclusion: gnoll, Natasha


Message History

You block the cerulean imp's attack. Natasha completely misses you.
The cerulean imp hits you but does no damage.
Natasha stares at you and mumbles some strange words.
You feel as though you will be slow longer.
The cerulean imp hits you but does no damage.
You miss Natasha.
Natasha is moderately wounded.
The cerulean imp closely misses you. The cerulean imp barely misses you.
You block Natasha's attack. You block the cerulean imp's attack.
You barely miss Natasha.
Natasha is moderately wounded.
Natasha claws you.
The cerulean imp hits you but does no damage. x3
Natasha barely misses you.
The cerulean imp hits you but does no damage.
You barely miss Natasha.
Natasha is moderately wounded.
Natasha claws you.
The cerulean imp hits you but does no damage.
You block the cerulean imp's attack.
The cerulean imp hits you but does no damage.
Natasha stares at you and mumbles some strange words.
The magic dart hits you.
The cerulean imp hits you from afar with a +1 spear.
You closely miss Natasha.
Natasha is moderately wounded.
Natasha claws you.
The cerulean imp hits you but does no damage.
The cerulean imp closely misses you. x2
Natasha mumbles some strange words.
Natasha shimmers violently.
Natasha claws you but does no damage.
The cerulean imp hits you from afar with a +1 spear.
You closely miss Natasha.
Natasha is moderately wounded.
Natasha claws you but does no damage.
The cerulean imp hits you from afar with a +2 spear.
The cerulean imp hits you but does no damage.
The cerulean imp hits you from afar with a +2 spear.
You die...

##..###........<.#
##..##............#
##..##..#.........>#
#...7..##..........#
#.#7.7####........##
#.77.7 #...........
#.7..7 7..........#
#.7.77 7...>......#
#.7@7 7.7.......[.#
#.7h7 7.7.........#
#.755 . 7........##
...7.7. 7#......## .
.. ##.##### 77 .}.
7..# ... 7..7.#
..)..777.# _8. #..#


You could see Natasha and 2 cerulean imps.

Vanquished Creatures
  3 adders (D:2)
  3 gnolls (D:2)
  A dart slug (D:1)
  A ball python (D:1)
  6 bats (D:1)
  An endoplasm (D:2)
  3 giant cockroaches (D:1)
  7 goblins
  4 hobgoblins (D:1)
  3 jackals (D:2)
  3 kobolds
  A quokka (D:2)
  4 frilled lizards
  4 rats
44 creatures vanquished.

Notes
Turn   | Place    | Note
-------+----------+-------------------------------------------
     0 | D:1      | qw the Gargoyle Fighter began the quest for the Orb.
     0 | D:1      | Reached XP level 1. HP: 14/14 MP: 1/1
     0 | D:1      | 0 ||| qw: Version: 0.2-a-29-g511e9b1
     0 | D:1      | 0 ||| qw: Game counter: 13
     0 | D:1      | 0 ||| qw: Always use a shield: true
     0 | D:1      | 0 ||| qw: God list: Okawaru
     0 | D:1      | 0 ||| qw: Allow faded altars: false
     0 | D:1      | 0 ||| qw: Do Orc after D:15 true
     0 | D:1      | 0 ||| qw: Do second Lair branch before Depths: true
     0 | D:1      | 0 ||| qw: Lair rune preference: random
     0 | D:1      | 0 ||| qw: Plans: Normal, Zot:1-4, Slime:5, God:TSO, Crypt,
                  | Tomb, Abyss, Pan, Hells, Win
     0 | D:1      | 0 ||| PLANNING D:1-11
    43 | D:1      | Reached skill level 2 in Axes
    60 | D:1      | 60 ||| DROPPING +0 club.
   122 | D:1      | 122 ||| Stepping ~*~*~tactically~*~*~ (stealth).
   129 | D:1      | Reached XP level 2. HP: 18/19 MP: 2/2
   186 | D:1      | 186 ||| Stepping ~*~*~tactically~*~*~ (stealth).
   187 | D:1      | 187 ||| Stepping ~*~*~tactically~*~*~ (stealth).
   214 | D:1      | 214 ||| Stepping ~*~*~tactically~*~*~ (stealth).
   236 | D:1      | 236 ||| Stepping ~*~*~tactically~*~*~ (stealth).
   282 | D:1      | Reached skill level 3 in Axes
   308 | D:1      | Reached XP level 3. HP: 23/23 MP: 3/3
   878 | D:1      | 878 ||| DROPPING orb of guile.
   879 | D:1      | 879 ||| READING 3 scrolls labelled MAILEEDEUJ.
   880 | D:1      | 880 ||| READING scroll labelled IDEPULL YR JOU.
   881 | D:1      | 881 ||| READING scroll labelled QIOJEJUSAR.
   882 | D:1      | 882 ||| DROPPING 2 scrolls of noise.
   936 | D:2      | 936 ||| Stepping ~*~*~tactically~*~*~ (stealth).
   953 | D:2      | Reached XP level 4. HP: 10/28 MP: 4/4
   953 | D:2      | HP: 7/28 [gnoll/+0 spear (3)]
   955 | D:2      | Reached skill level 4 in Axes
   955 | D:2      | 955 ||| FLEEEEING.
   964 | D:2      | 964 ||| STAIRDANCE
  1075 | D:2      | 1075 ||| READING scroll labelled DICLETH YBBU.
  1260 | D:2      | Found a faded altar of an unknown god.
  1297 | D:2      | Noticed Natasha
  1308 | D:2      | HP: 6/28 [Natasha (4)]
  1309 | D:2      | HP: 1/28 [cerulean imp/+2 spear[Natasha] (3)]
  1309 | D:2      | Slain by a cerulean imp

Levels and vault maps discovered:
D:1:      evilmike_arrival_crescent, layout_basic,
          hangedman_decor_clover_reticule
D:2:      layout_rooms, shapermc_ecumenical_altar_totnotflames,
          grunt_decor_junction, fountainhead, uniq_natasha

Skill      XL: |  1  2  3  4 |
---------------+-------------+-----
Axes           | 2 3 4 |  4.4
Fighting       | |  3.2
Armour         | |  3.2
Shields        | |  3.2

Action                     |  1- 3 |  4- 6 || total
---------------------------+-------+-------++-------
  Melee: War axe           |    87 |    64 ||   151
    Use: Scroll            |     3 |     1 ||     4
 Armour: Scale mail        |    49 |    48 ||    97
  Dodge: Dodged            |    46 |    32 ||    78
  Block: Buckler           |    19 |    18 ||    37

Table legend:
 A = Non-vault XP
 B = Vault XP
 C = Vault XP percentage of total XP
 D = Non-vault monster count
 E = Vault monster count
 F = Vault count percentage of total count
                 A         B        C        D         E       F
            +---------+---------+-------+---------+---------+-------
      Total |     147 |       0 |   0.0 |      44 |       0 |   0.0
            +---------+---------+-------+---------+---------+-------
        D:1 |      48 |       0 |   0.0 |      27 |       0 |   0.0
        D:2 |      99 |       0 |   0.0 |      17 |       0 |   0.0
            +---------+---------+-------+---------+---------+-------
